 Dungeon Crawl Stone Soup version 0.28.0-53-g5a82cb258f (webtiles) character file.

Game seed: 13317028774393793268

2900 Woods the Fighter (level 9, -1/80 (82) HPs)
             Began as a White Draconian Transmuter on Aug 15, 2022.
             Was an Initiate of Ashenzari.
             Slain by Psyche
             ... wielding a +2 dagger of chaos
              (15 damage)
             ... on level 7 of the Dungeon.
             The game lasted 00:21:20 (9773 turns).

Woods the Fighter (White Draconian Transmuter)      Turns: 9773, Time: 00:21:21

HP:   -1/80 (82)    AC:  9    Str: 12    XL:     9   Next: 49%
MP:   0/16          EV: 20    Int: 18    God:    Ashenzari [......]
Gold: 773           SH:  0    Dex: 12    Spells: 1/18 levels left

rFire   + + .      SeeInvis .     - Unarmed
rCold   + + .      Faith    .   (shield currently unavailable)
rNeg    + + +      Spirit   .   (armour unavailable)
rPois   ∞          Reflect  .   (helmet currently unavailable)
rElec   +          Harm     .   (cloak currently unavailable)
rCorr   +          Rampage  .   (gloves currently unavailable)
Will    .....                   (boots currently unavailable)
Stlth   +.........              (amulet currently unavailable)
HPRegen 0.23/turn               (ring currently unavailable)
MPRegen 0.15/turn               (ring currently unavailable)

@: wisp-form, freezing walls, flying, lightly drained
A: insubstantial, flying, no casting, (breathe frost), AC +7, tiny, unfitting
armour, (cold resistance 1), (cold-blooded)
a: Renounce Religion


You were on level 7 of the Dungeon.
You worshipped Ashenzari.
Ashenzari was noncommittal.
You were an insubstantial wisp.
You visited 2 branches of the dungeon, and saw 9 of its levels.
You also visited: Ossuary.

You collected 869 gold pieces.
You spent 96 gold pieces at shops.

Inventory:

Armour
 d - a +1 pair of boots (melded)
 f - a +0 pair of gloves (melded)
Jewellery
 l - a ring of poison resistance (melded)
 m - an amulet of guardian spirit (melded)
 w - a ring of positive energy (melded)
Wands
 z - a wand of paralysis (11)
Scrolls
 a - a scroll of noise {unknown}
 i - 3 scrolls of enchant armour
 j - 2 scrolls of magic mapping
 k - a scroll of holy word {unknown}
 p - a scroll of summoning {unknown}
 s - a scroll of teleportation {unknown}
 u - a scroll of blinking {unknown}
 x - 4 scrolls of amnesia
 y - 2 scrolls of fog {unknown}
 A - a scroll of enchant weapon {unknown}
Potions
 b - a potion of magic {unknown}
 c - a potion of flight {unknown}
 g - 3 potions of curing
 h - a potion of resistance {unknown}
 n - 2 potions of attraction {unknown}
 q - a potion of might
 r - a potion of brilliance {unknown}
 t - a potion of haste
 v - a potion of degeneration {unknown}


   Skills:
 + Level 8.9 Fighting
 - Level 4.0 Dodging
 - Level 6.0 Unarmed Combat
 - Level 5.0 Spellcasting
 - Level 5.0 Transmutations
 - Level 5.0 Ice Magic


You had one spell level left.
You knew the following spells:

 Your Spells              Type           Power      Damage    Failure   Level
a - Beastly Appendage     Tmut           44%        N/A       1%          1
b - Wereblood             Tmut           22%        N/A       2%          2
c - Spider Form           Tmut/Pois      13%        N/A       14%         3
d - Ice Form              Ice/Tmut       22%        N/A       17%         4
e - Frozen Ramparts       Ice            44%        1d6       4%          3
f - Hailstorm             Conj/Ice       13%        3d5       43%         4

Your spell library contained the following spells:

 Spells                   Type           Power      Damage    Failure   Level
 Freeze                   Ice            88%        1d10      1%          1
 Sting                    Tmut/Pois      52%        1d5       4%          1
 Poisonous Vapours        Pois/Air       8%         N/A       21%         2
 Ignite Poison            Fire/Tmut/Pois 10%        N/A       21%         3
 Conjure Flame            Conj/Fire      4%         6-21      36%         3
 Summon Guardian Golem    Hex/Summ       4%         N/A       36%         3
 Olgreb's Toxic Radiance  Pois           4%         N/A       78%         4
 Sticky Flame             Conj/Fire      4%         2d3       78%         4
 Conjure Ball Lightning   Conj/Air       2%         3x3d6     100%        6
 Orb of Destruction       Conj           2%         9d5       100%        7
 Spellforged Servitor     Conj/Summ      2%         N/A       100%        7
 Discord                  Hex            2%         N/A       100%        8
 Disjunction              Tloc           2%         N/A       100%        8


Dungeon Overview and Level Annotations

Branches:
Dungeon (8/15)             Temple (1/1) D:6         Ossuary (visited)
   Lair: D:8-11

Altars:
Ashenzari
Cheibriados
Dithmenos
Elyvilon
Hepliaklqana
Kikubaaqudgha
Nemelex Xobeh
Okawaru
Qazlal
Ru
Sif Muna
Uskayaw
Vehumet
Wu Jian
Xom
Yredelemnul
Zin

Shops:
D:6 [!:=(

Annotations:
D:5 2 runed translucent doors, turdburglar's ghost, novice GnGl
D:7 Psyche


Innate Abilities, Weirdness & Mutations

You are an insubstantial wisp.
Your tiny insubstantial body is highly resistant to most damage types.
You are flying.
Your equipment is entirely melded.
You are incapable of wielding weapons or throwing items.
You cannot cast spells.
((You can breathe waves of freezing cold which knock back foes.))
((Your icy white scales are hard. (AC +7)))
You cannot fit into any form of body armour.
((Your flesh is cold resistant. (rC+)))
((You are cold-blooded and may be slowed by cold attacks.))


Message History

Casting: Ice Form (dangerous; 17% risk of failure)
Confirm with . or Enter, or press ? or * to list all spells.
You can't see any susceptible monsters within range! (Use Z to cast anyway.)
Casting: Ice Form (dangerous; 17% risk of failure)
Confirm with . or Enter, or press ? or * to list all spells.
Casting: Frozen Ramparts (dangerous; 4% risk of failure)
Press: ? - help, Dir - look around, f - activate The walls around you are covered in ice.
The wall freezes something but does no damage.
Something barely misses you.
The wall freezes something.
Something hits you but does no damage.
Your frozen ramparts will break if you move.
Continue? [Y]es or [N]o only, please.
Your frozen ramparts will break if you move.
Continue?
You miss something.
Your tail-slap misses something.
The wall freezes something.
Something hits you but does no damage.
The wall freezes something.
Something hits you but does no damage.
Your frozen ramparts will break if you move.
Continue?
You punch something!
The wall freezes something.
You hear some strange, mumbled words.
The wall freezes something.
Something hits you but does no damage.
Your frozen ramparts will break if you move.
Continue?
You punch something!
The wall freezes something.
Something hits you.
* * * LOW HITPOINT WARNING * * *
You turn into an insubstantial wisp.
Your +0 pair of gloves melds into your body.
Your +1 pair of boots melds into your body.
Your ring of poison resistance melds into your body.
Your ring of positive energy melds into your body.
Your amulet of guardian spirit melds into your body.
The wall freezes something.
Something hits you but does no damage.
Your frozen ramparts will break if you move.
Continue?
You barely miss something.
The wall freezes something.
Something barely misses you.
Your frozen ramparts will break if you move.
Continue?
You closely miss something.
You flicker back into view.
The wall freezes something.
Something hits you but does no damage. Space warps horribly around you!
You die...

#.#
#.##...........#..♣._.♣
#.#
#.##.#.......#####♣♣♣♣.
#.#####...........># ##
#.#................#
#.#.#####.##.##.####
##.#.# #.##.##.# #....#
#.##>##.#
#.#>.#####.##{##.#
#.........)##v##.#
##.#######.##.##.# #.#
#.......###
#.#######.........#
#.........##.####.##
#########(##.......#
#########.#######..#
#..........# #..#
#.###.####.#
#..#########


There were no monsters in sight!

Vanquished Creatures
  Pikel (D:6)
  Prince Ribbit (D:6)
  A water moccasin (D:5)
  4 sky beasts
  2 necrophages
  A centaur (D:8)
  A kobold brigand (D:8)
  3 elf zombies (Ossuary)
  Blork the orc (D:6)
  2 bullfrogs
  A wyvern zombie (D:7)
  3 scorpions
  4 crimson imps (D:6)
  5 centaur zombies
  A bullfrog zombie (D:3)
  A hound (D:6)
  A jelly (D:6)
  A bullfrog skeleton (D:7)
  4 iguanas
  4 hound zombies (Ossuary)
  3 mummies (Ossuary)
  A howler monkey zombie (D:6)
  4 adders
  4 gnolls
  A worm (D:2)
  4 dart slugs
  11 orcs
  A bat (D:2)
  3 endoplasms
  4 giant cockroaches (D:1)
  6 goblins
  5 hobgoblins
  3 quokkas
  4 ball pythons
  8 frilled lizards
  2 gnoll zombies (Ossuary)
  A goblin zombie (Ossuary)
  2 hobgoblin zombies (Ossuary)
  3 jackal zombies (Ossuary)
  12 kobolds
  4 kobold zombies (Ossuary)
  An orc zombie (Ossuary)
  A quokka skeleton (D:4)
  9 quokka zombies
  3 rats
  3 rat zombies (Ossuary)
145 creatures vanquished.

Vanquished Creatures (others)
  4 fungi (D:8)
  8 plants
12 creatures vanquished.

Grand Total: 157 creatures vanquished

Notes
Turn   | Place    | Note
-------+----------+-------------------------------------------
     0 | D:1      | Woods the Draconian Transmuter began the quest for the Orb.
     0 | D:1      | Reached XP level 1. HP: 16/16 MP: 3/3
   421 | D:1      | Reached XP level 2. HP: 18/23 MP: 3/5
   427 | D:1      | Learned a level 2 spell: Wereblood
  1012 | D:2      | Reached skill level 2 in Fighting
  1112 | D:2      | Reached XP level 3. HP: 29/29 MP: 4/6
  1172 | D:2      | Found a faded altar of an unknown god.
  1598 | D:2      | Identified the +10 hunting sling of the Smoking Gnat
                  | {flame, rN+ Dex-4 SInv Stlth+}
  1811 | D:2      | Learned a level 3 spell: Spider Form
  2046 | D:3      | Reached XP level 4. HP: 37/37 MP: 5/7
  2446 | D:3      | Reached skill level 3 in Fighting
  3430 | D:3      | Reached XP level 5. HP: 21/45 MP: 8/8
  4970 | D:5      | Entered Level 5 of the Dungeon
  5036 | D:5      | Reached XP level 6. HP: 43/52 MP: 6/9
  5102 | D:5      | Noticed a water moccasin
  5115 | D:5      | Noticed a sky beast
  5172 | D:5      | Identified the +4 falchion of a Billion Allies {venom, rF-
                  | Str+8}
  5209 | D:5      | Reached skill level 4 in Fighting
  5377 | D:5      | Killed a water moccasin
  5378 | D:5      | Reached skill level 5 in Unarmed Combat
  5385 | D:5      | Killed a sky beast
  5386 | D:5      | Reached skill level 5 in Fighting
  5386 | D:5      | Your scales start taking on an icy white colour.
  5386 | D:5      | Reached XP level 7. HP: 8/61 MP: 2/10
  5386 | D:5      | Gained mutation: Your flesh is cold resistant. (rC+) [White
                  | Draconian growth]
  5747 | D:5      | Found a runed translucent door.
  5749 | D:5      | Noticed turdburglar's ghost (novice GnGl)
  5850 | D:5      | Found a runed translucent door.
  6131 | D:6      | Found Zearphiys's Jewellery Shoppe.
  6132 | D:6      | Found a staircase to the Ecumenical Temple.
  6695 | D:6      | Learned a level 4 spell: Ice Form
  6803 | Temple   | Entered the Ecumenical Temple
  7000 | D:6      | Noticed Blork the orc
  7000 | D:6      | Noticed Pikel
  7010 | D:6      | Noticed Prince Ribbit
  7012 | D:6      | Killed Blork the orc
  7013 | D:6      | Reached skill level 1 in Ice Magic
  7228 | D:6      | Found Deaptole's Antique Weapon Emporium.
  7266 | D:6      | Reached XP level 8. HP: 70/70 MP: 5/12
  7323 | D:6      | Found a shimmering altar of Xom.
  7438 | D:6      | Found an iron altar of Okawaru.
  7476 | D:6      | Reached skill level 6 in Fighting
  7523 | D:6      | Killed Prince Ribbit
  7653 | D:6      | Found Eczenu Goohi's Distillery.
  7662 | D:6      | Bought a potion of heal wounds for 60 gold pieces
  7662 | D:6      | Bought a potion of curing for 36 gold pieces
  7683 | D:6      | Found Dem Qits's Book Shop.
  7742 | D:6      | Found Jeha's Antique Armour Shop.
  8058 | D:6      | Killed Pikel
  8059 | D:6      | Reached XP level 9. HP: 51/78 MP: 8/15
  8221 | D:6      | Reached skill level 7 in Fighting
  8292 | D:7      | Found a sand-covered staircase.
  8311 | Ossuary  | Entered an ossuary
  8393 | Ossuary  | Reached skill level 5 in Transmutations
  8555 | Ossuary  | Reached skill level 5 in Ice Magic
  8662 | Ossuary  | Reached skill level 5 in Spellcasting
  8734 | D:7      | Identified 2 scrolls of acquirement
  8737 | D:7      | Acquired 477 gold pieces
  8739 | D:7      | Acquired a book of Frost
  8745 | D:7      | Learned a level 3 spell: Frozen Ramparts
  8750 | D:7      | Learned a level 4 spell: Hailstorm
  8823 | D:7      | Found a broken altar of Ashenzari.
  8860 | D:7      | Became a worshipper of Ashenzari the Shackled
  9045 | D:7      | Found a glowing silver altar of Zin.
  9074 | D:7      | Reached skill level 8 in Fighting
  9733 | D:8      | Noticed Psyche
  9773 | D:7      | Slain by Psyche

Illustrated notes

Levels and vault maps discovered:
D:1:      psy_arrival_dodecagon, layout_loops_ring, serial_glass,
          glass_columns_a, glass_columns_a
D:2:      layout_rooms, ebering_ecumenical_altar_sacrificial,
          lexackson_kobold_supper
D:3:      layout_basic, kennysheep_boxes
D:4:      kennysheep_spiral_hall, layout_cave_pools
D:5:      layout_basic, ebering_ghost_sewer_f
D:6:      layout_cave_pools, lemuel_tele_altar, led_xom_imps,
          minmay_temple_entry_crystal_x, serial_shops,
          nicolae_shop_hallway_plus, shop, nicolae_shop_hallway_stairs,
          kennysheep_little_box, nicolae_inconvenience_store,
          uniq_prince_ribbit1, uniq_pikel, uniq_blork_the_orc
D:7:      layout_loops_ring, ashenzari_altar_1, zin_academy, enter_ossuary_4
D:8:      layout_basic, makhleb_altar_promises_db, fedhas_altar_3, st_stairs_5,
          uniq_psyche
Temple:   dshaligram_water_room_temple

Skill      XL: |  1  2  3  4  5  6  7  8  9 |
---------------+----------------------------+-----
Dodging        | 2 3 4 |  4.0
Fighting       | 2 3 5 6 8 |  8.9
Unarmed Combat | 4 5 6 |  6.0
Transmutations | 3 4 5 |  5.0
Ice Magic      | 1 4 5 |  5.0
Spellcasting   | 3 4 5 |  5.0

Action                   |  1- 3 |  4- 6 |  7- 9 || total
-------------------------+-------+-------+-------++-------
Melee: Unarmed           |   126 |   138 |   355 ||   619
       Kick              |    22 |    29 |    56 ||   107
       Headbutt          |    14 |    20 |    33 ||    67
       Tailslap          |     7 |    22 |    35 ||    64
       Punch             |     1 |     1 |    11 ||    13
 Cast: Beastly Appendage |    26 |    22 |    18 ||    66
       Spider Form       |       |     1 |    13 ||    14
       Wereblood         |       |       |     3 ||     3
       Ice Form          |       |       |     1 ||     1
       Frozen Ramparts   |       |       |     1 ||     1
  Use: Scroll            |       |     2 |     4 ||     6
       Potion            |       |     1 |     3 ||     4
Armor: Skin              |    42 |    35 |   106 ||   183
Dodge: Dodged            |    74 |    85 |   245 ||   404
